AoeStats
← tavoo

Arabia

509842346Analyzed
1v1 RM · 5d ago on Sep 28, 2026· 41m 38s· 2 players
Game mode
Random Map
Map size
Tiny (2 player)
Population
200
Speed
Normal
Resources
Standard
Victory
Conquest
Starting age
Dark Age
Ending age
Imperial Age
RankedLock teamsTeams togetherTeam positionsShared explorationLock speedFull tech treeHidden civsTurbo modeCheats
Victory
Defeat
🇲🇽 Bulgarians · Mexico
1371
+17
🇬🇧 Armenians · United Kingdom
1384
-17
tavoo
7:00 Loom
9:15 Feudal Age
9:47 Double-Bit Axe
13:28 Fletching
24:00 Castle Age
23:36 Padded Archer Armor
23:47 Stone Mining
23:55 Gold Mining
24:26 Bloodlines
24:36 Bodkin Arrow
27:29 Husbandry
30:23 Wheelbarrow
30:01 Scale Barding Armor
33:59 Thumb Ring
38:01 Ballistics
41:28 Imperial Age
40:23 Bow Saw
40:39 Herbal Medicine
41:17 Hand Cart
41:56 Gold Shaft Mining
41:56 Stone Shaft Mining
40:51 Light Cavalry
42:06 Stirrups
timlw
6:03 Loom
9:39 Feudal Age
10:05 Double-Bit Axe
9:43 Man-at-Arms
13:43 Long Swordsman
16:48 Gold Mining
16:59 Scale Mail Armor
17:34 Padded Archer Armor
23:45 Castle Age
24:21 Gambesons
25:43 Squires
29:56 Two-Handed Swordsman
33:57 Chain Mail Armor
36:39 Horse Collar
40:00 Wheelbarrow
39:42 Bow Saw
39:24 Fletching
Connection lost

Rejoining the realm…

Still unreachable

The connection could not be restored.

Session expired

The server has moved on; the page needs a fresh start.